 Dungeon Crawl Stone Soup version 0.22.1-1-ga44c0e56f4 (webtiles) character file.

1394 Morbidden the Ducker (level 8, 0/64 HPs)
             Began as a Gnoll Gladiator on Oct 29, 2018.
             Was a Follower of Okawaru.
             Killed by divine providence
             ... invoked by an orc priest
              (16 damage)
             ... on level 6 of the Dungeon.
             The game lasted 00:09:25 (4324 turns).

Morbidden the Ducker (Gnoll Gladiator)              Turns: 4324, Time: 00:09:26

Health: 0/64       AC: 13    Str: 17    XL:     8   Next: 68%
Magic:  13/13      EV:  8    Int: 12    God:    Okawaru [*.....]
Gold:   192        SH:  0    Dex: 17    Spells: 13/13 levels left

rFire    . . .     SeeInvis .   a - +0 quarterstaff
rCold    . . .     Gourm    .   (shield currently unavailable)
rNeg     . . .     Faith    .   r - +0 plate armour
rPois    +         Spirit   .   c - +0 helmet
rElec    .         Reflect  .   (no cloak)
rCorr    .         Harm     .   n - +0 pair of gloves
MR       +....                  (no boots)
Stlth    ..........             (no amulet)
HPRegen  0.20/turn              k - ring of poison resistance
MPRegen  0.13/turn              C - ring of protection from magic

@: drained
A: distributed training, fangs 1, strong nose
a: Heroism, Renounce Religion


You were on level 6 of the Dungeon.
You worshipped Okawaru.
Okawaru was aware of your devotion.
You were hungry.

You visited 1 branch of the dungeon, and saw 6 of its levels.
You also visited: Sewer.

You collected 192 gold pieces.

Inventory:

Hand Weapons
 a - a +0 quarterstaff (weapon)
 b - a +0 dagger of venom
Missiles
 d - 2 throwing nets (quivered)
Armour
 c - a +0 helmet (worn)
 n - a +0 pair of gloves (worn)
 r - a +0 plate armour (worn)
Jewellery
 k - a ring of poison resistance (left hand)
 C - a ring of protection from magic (right hand)
Wands
 A - a wand of polymorph (14)
Scrolls
 e - 6 scrolls of remove curse {unknown}
 g - 3 scrolls of noise {unknown}
 i - 4 scrolls of identify
 j - a scroll of immolation {unknown}
 l - 3 scrolls of teleportation {unknown}
 o - 2 scrolls of enchant armour {unknown}
 p - a scroll of amnesia {unknown}
 w - a scroll of fog {unknown}
 x - 2 scrolls of fear {unknown}
 y - 4 scrolls of magic mapping {unknown}
Potions
 h - 3 potions of curing
 q - 3 potions of haste
 s - a potion of berserk rage {unknown}
 t - 2 potions of magic {unknown}
 u - a potion of cancellation {unknown}
 v - 2 potions of brilliance {unknown}
 z - a potion of agility {unknown}
Comestibles
 f - 9 rations


   Skills:
 + Level 5.8(4.7) Fighting
 + Level 3.4(2.4) Short Blades
 + Level 3.4(2.4) Long Blades
 + Level 3.4(2.4) Axes
 + Level 3.4(2.4) Maces & Flails
 + Level 3.4(2.4) Polearms
 + Level 7.4(6.3) Staves
 + Level 3.4(2.4) Slings
 + Level 3.4(2.4) Bows
 + Level 3.4(2.4) Crossbows
 + Level 5.8(4.7) Throwing
 + Level 3.4(2.4) Armour
 + Level 7.4(6.3) Dodging
 + Level 3.4(2.4) Stealth
 + Level 3.4(2.4) Shields
 + Level 3.4(2.4) Unarmed Combat
 + Level 3.4(2.4) Spellcasting
 + Level 2.8(1.8) Conjurations
 + Level 2.8(1.8) Hexes
 + Level 2.8(1.8) Charms
 + Level 2.8(1.8) Summonings
 + Level 2.8(1.8) Necromancy
 + Level 2.8(1.8) Translocations
 + Level 2.8(1.8) Transmutations
 + Level 2.8(1.8) Fire Magic
 + Level 2.8(1.8) Ice Magic
 + Level 2.8(1.8) Air Magic
 + Level 2.8(1.8) Earth Magic
 + Level 2.8(1.8) Poison Magic
 + Level 3.7(2.8) Invocations
 + Level 3.4(2.4) Evocations


You had 13 spell levels left.
You didn't know any spells.
Your spell library was empty.

Dungeon Overview and Level Annotations

Branches:
Dungeon (6/15)
 Temple: D:4-7

Altars:
Cheibriados
Gozag
Okawaru
Vehumet
Xom
The Shining One


Innate Abilities, Weirdness & Mutations

Your experience applies equally to all skills.
You have very sharp teeth.
Your uncanny sense of smell can sniff out nearby items.


Message History

You hit the orc but do no damage. The orc hits you but does no damage.
Your plate armour prevents you from hitting the orc.
The orc closely misses you.
Unknown command.
You closely miss the orc. You bite the orc, but do no damage.
The orc barely misses you.
You sock the orc!
You kill the orc!
Okawaru accepts your kill.
The orc priest looks encouraged for a moment.
You closely miss the leopard gecko zombie.
The leopard gecko zombie bites you but does no damage.
You hit the leopard gecko zombie.
The leopard gecko zombie is moderately damaged.
The leopard gecko zombie bites you but does no damage.
You sock the leopard gecko zombie!
You destroy the leopard gecko zombie!
The orc priest calls down the wrath of Beogh upon you.
Beogh smites you!
You die...

.##
.....#######
.....o[@(..#
$###.#####.#
# #.# ##.#
#.# #.. #.#
##.#
#.#####.###
#....<....#
#######.#.#
##...#


You could see an orc priest.

Vanquished Creatures
  Grinder (D:5)
  Edmund (D:5)
  3 sky beasts
  2 big kobolds (Sewer)
  Blork the orc (D:5)
  A vampire bat (D:3)
  A quasit (D:5)
  3 orc priests
  A bullfrog zombie (D:5)
  3 hounds
  2 orc wizards (D:5)
  A worker ant (D:5)
  A hound skeleton (D:6)
  Robin (D:3)
  A howler monkey skeleton (D:4)
  5 adders
  3 river rats
  4 oozes (Sewer)
  5 worms
  A dart slug (D:1)
  4 leopard geckos
  8 orcs
  7 giant cockroaches
  11 goblins
  2 hobgoblins
  4 jackals (D:3)
  A quokka (D:3)
  4 ball pythons
  11 bats
  3 frilled lizards
  10 kobolds
  A leopard gecko zombie (D:6)
  12 rats
119 creatures vanquished.

Notes
Turn   | Place    | Note
-------+----------+-------------------------------------------
     0 | D:1      | Morbidden the Gnoll Gladiator began the quest for the Orb.
     0 | D:1      | Reached XP level 1. HP: 20/20 MP: 1/1
   190 | D:1      | Reached XP level 2. HP: 25/26 MP: 2/2
   767 | D:2      | Reached XP level 3. HP: 31/31 MP: 3/3
   883 | D:2      | Reached skill level 1 in Invocations
  1182 | D:3      | Found a faded altar of an unknown god.
  1227 | D:3      | Reached skill level 1 in Short Blades
  1227 | D:3      | Reached skill level 1 in Long Blades
  1227 | D:3      | Reached skill level 1 in Axes
  1227 | D:3      | Reached skill level 1 in Maces & Flails
  1227 | D:3      | Reached skill level 1 in Polearms
  1227 | D:3      | Reached skill level 1 in Slings
  1227 | D:3      | Reached skill level 1 in Bows
  1227 | D:3      | Reached skill level 1 in Crossbows
  1227 | D:3      | Reached skill level 1 in Armour
  1227 | D:3      | Reached skill level 1 in Stealth
  1227 | D:3      | Reached skill level 1 in Shields
  1227 | D:3      | Reached skill level 1 in Unarmed Combat
  1227 | D:3      | Reached skill level 1 in Spellcasting
  1227 | D:3      | Reached skill level 1 in Evocations
  1227 | D:3      | Reached XP level 4. HP: 38/38 MP: 5/5
  1244 | D:3      | Reached skill level 1 in Conjurations
  1244 | D:3      | Reached skill level 1 in Hexes
  1244 | D:3      | Reached skill level 1 in Charms
  1244 | D:3      | Reached skill level 1 in Summonings
  1244 | D:3      | Reached skill level 1 in Necromancy
  1244 | D:3      | Reached skill level 1 in Translocations
  1244 | D:3      | Reached skill level 1 in Transmutations
  1244 | D:3      | Reached skill level 1 in Fire Magic
  1244 | D:3      | Reached skill level 1 in Ice Magic
  1244 | D:3      | Reached skill level 1 in Air Magic
  1244 | D:3      | Reached skill level 1 in Earth Magic
  1244 | D:3      | Reached skill level 1 in Poison Magic
  1391 | D:3      | Reached XP level 5. HP: 38/43 MP: 6/6
  1632 | D:3      | Noticed Robin
  1642 | D:3      | Killed Robin
  1742 | D:3      | Found an opulent altar of Gozag.
  1990 | D:4      | Found a glowing drain.
  2028 | Sewer    | Entered a sewer
  2224 | Sewer    | Reached XP level 6. HP: 50/50 MP: 8/8
  2309 | Sewer    | Reached skill level 5 in Fighting
  2309 | Sewer    | Reached skill level 5 in Throwing
  2533 | D:4      | Reached XP level 7. HP: 56/56 MP: 10/10
  2872 | D:5      | Entered Level 5 of the Dungeon
  2872 | D:5      | Found a glowing golden altar of the Shining One.
  2872 | D:5      | Found a snail-covered altar of Cheibriados.
  2872 | D:5      | Found a radiant altar of Vehumet.
  2873 | D:5      | Found an iron altar of Okawaru.
  2873 | D:5      | Found a shimmering altar of Xom.
  2886 | D:5      | Became a worshipper of Warmaster Okawaru
  2973 | D:5      | Noticed Edmund
  3008 | D:5      | Killed Edmund
  3370 | D:5      | Reached * piety under Okawaru
  3377 | D:5      | Reached XP level 8. HP: 21/63 MP: 12/12
  3475 | D:5      | Noticed Blork the orc
  3491 | D:5      | Killed Blork the orc
  3547 | D:5      | Noticed Grinder
  3584 | D:5      | Killed Grinder
  4324 | D:6      | Killed from afar by an orc priest

Skill      XL: |  1  2  3  4  5  6  7  8 |
---------------+-------------------------+-----
Invocations    | 1 2 3 |  3.7
Short Blades   | 1 2 3 |  3.4
Long Blades    | 1 2 3 |  3.4
Axes           | 1 2 3 |  3.4
Maces & Flails | 1 2 3 |  3.4
Polearms       | 1 2 3 |  3.4
Slings         | 1 2 3 |  3.4
Bows           | 1 2 3 |  3.4
Crossbows      | 1 2 3 |  3.4
Armour         | 1 2 3 |  3.4
Stealth        | 1 2 3 |  3.4
Shields        | 1 2 3 |  3.4
Unarmed Combat | 1 2 3 |  3.4
Spellcasting   | 1 2 3 |  3.4
Evocations     | 1 2 3 |  3.4
Conjurations   | 1 2 |  2.8
Hexes          | 1 2 |  2.8
Charms         | 1 2 |  2.8
Summonings     | 1 2 |  2.8
Necromancy     | 1 2 |  2.8
Translocations | 1 2 |  2.8
Transmutations | 1 2 |  2.8
Fire Magic     | 1 2 |  2.8
Ice Magic      | 1 2 |  2.8
Air Magic      | 1 2 |  2.8
Earth Magic    | 1 2 |  2.8
Poison Magic   | 1 2 |  2.8
Fighting       | 5 |  5.8
Throwing       | 5 |  5.8
Staves         | 7 |  7.4
Dodging        | 7 |  7.4

Action                   |  1- 3 |  4- 6 |  7- 9 || total
-------------------------+-------+-------+-------++-------
Melee: Quarterstaff      |    59 |   183 |   182 ||   424
       Bite              |    11 |    29 |    38 ||    78
       Dagger            |    30 |    51 |    69 ||   150
Throw: Throwing net      |       |     2 |       ||     2
Invok: Heroism           |       |       |     1 ||     1
  Use: Scroll            |       |     4 |       ||     4
       Potion            |       |     1 |     5 ||     6
 Stab: Sleeping          |     1 |       |       ||     1
       Held in net/web   |       |     1 |       ||     1
  Eat: Chunk             |       |     6 |     5 ||    11
Armor: Leather armour    |     7 |       |       ||     7
       Plate armour      |    33 |   131 |   202 ||   366
Dodge: Dodged            |    51 |    99 |    70 ||   220
